 Dungeon Crawl Stone Soup version 0.30-a0-639-g3916f1956a (webtiles) character file.

Game seed: 1855675892885841265

414 Mitcholas the Shooter (level 6, 0/36 HPs)
             Began as a Deep Elf Hunter on Jan 16, 2023.
             Slain by a bullfrog zombie (2 damage)
             ... in an ossuary.
             The game lasted 00:07:51 (2759 turns).

Mitcholas the Shooter (Deep Elf Hunter)             Turns: 2759, Time: 00:07:52

Health: 0/36       AC:  7    Str:  8    XL:     6   Next: 60%
Magic:  8/8        EV: 14    Int: 14    God:
Gold:   188        SH:  0    Dex: 20    Spells: 5/5 levels left

rFire   . . .      SeeInvis .    a - +0 shortbow
rCold   . . .      Faith    .    (shield currently unavailable)
rNeg    . . .      Spirit   .    e - +3 leather armour
rPois   .          Reflect  .    A - +0 helmet
rElec   .          Harm     .    (no cloak)
rCorr   .          Rampage  .    (no gloves)
Will    +....                    (no boots)
Stlth   +++                      o - amulet of the acrobat
HPRegen 0.26/turn                g - ring of willpower
MPRegen 0.11/turn                (no ring)

@: no status effects
A: no striking features
a: no special abilities


You were in an ossuary.
You visited 1 branch of the dungeon, and saw 4 of its levels.
You also visited: Ossuary.

You collected 188 gold pieces.

Inventory:

Hand Weapons
 a - a +0 shortbow (weapon)
Missiles
 s - 6 datura-tipped darts
Armour
 e - a +3 leather armour (worn)
 A - a +0 helmet (worn)
Jewellery
 g - a ring of willpower (left hand)
 o - an amulet of the acrobat (around neck)
Wands
 p - a wand of flame (9)
Scrolls
 b - a scroll of immolation
 c - 4 scrolls of teleportation {unknown}
 f - 3 scrolls of fog {unknown}
 h - a scroll of blinking {unknown}
 k - 2 scrolls of fear {unknown}
 n - a scroll of silence {unknown}
 q - a scroll of enchant weapon {unknown}
 u - 2 scrolls of identify {unknown}
 w - a scroll of acquirement {unknown}
 y - 2 scrolls of vulnerability {unknown}
Potions
 d - 2 potions of lignification {unknown}
 i - a potion of ambrosia {unknown}
 j - a potion of heal wounds
 l - 2 potions of haste {unknown}
 m - a potion of mutation {unknown}
 r - a potion of attraction {unknown}
 t - a potion of degeneration {unknown}
 v - a potion of might {unknown}
 x - 2 potions of curing {unknown}
 z - a potion of brilliance {unknown}


   Skills:
 + Level 2.9 Fighting
 * Level 7.8 Ranged Weapons
 + Level 4.4 Dodging
 + Level 4.0 Stealth


You had 5 spell levels left.
You didn't know any spells.
Your spell library contained the following spells:

 Spells                   Type           Power      Damage    Failure   Level
 Necrotise                Necr           0%         1d4       38%         1
 Slow                     Hex            0%         N/A       38%         1
 Blink                    Tloc           0%         N/A       54%         2
 Cigotuvi's Dreadful Rot  Necr/Pois/Air  0%         N/A       54%         2
 Confusing Touch          Hex            0%         N/A       77%         3
 Dazzling Flash           Conj/Hex       0%         N/A       77%         3
 Vampiric Draining        Necr           0%         2d6       77%         3
 Dispel Undead            Necr           0%         3d6       99%         4
 Iskenderun's Mystic Bla  Conj/Tloc      0%         2d3       99%         4
 Manifold Assault         Tloc           0%         N/A       99%         4
 Agony                    Necr           0%         N/A       100%        5
 Death Channel            Necr           0%         N/A       100%        6
 Starburst                Conj/Fire      0%         6d3       100%        6
 Storm Form               Tmut/Air       0%         N/A       100%        7


Dungeon Overview and Level Annotations

Branches:
Dungeon (4/15)            Ossuary (1/1)
 Temple: D:4-7

Altars:
Uskayaw
Xom
The Shining One

Annotations:
D:3 2 runed translucent doors, Crazy Yiuf; Loveship's ghost, amateur HOFi
D:4 Duvessa


Message History

Fire: a) +0 shortbow
Press: ? - help, Q - select action, (/) - cycle Shift-Dir - straight line, f/p - water moccasin zombie
Aim: a water moccasin zombie (moderately damaged, 66% to hit)
You shoot an arrow. The arrow hits the bog mummy.
The bog mummy is heavily damaged.
The bog mummy hits you.
Fire: a) +0 shortbow
Press: ? - help, Q - select action, (/) - cycle Shift-Dir - straight line, f/p - water moccasin zombie
Aim: a water moccasin zombie (moderately damaged, 66% to hit)
You shoot an arrow.
The arrow hits the bog mummy but does no damage.
The bog mummy is heavily damaged.
The bog mummy completely misses you.
Fire: a) +0 shortbow
Press: ? - help, Q - select action, (/) - cycle Shift-Dir - straight line, f/p - water moccasin zombie
Aim: a water moccasin zombie (moderately damaged, 66% to hit)
You shoot an arrow. The arrow hits the bog mummy!
The bog mummy is almost destroyed.
Fire: a) +0 shortbow
Press: ? - help, Q - select action, (/) - cycle Shift-Dir - straight line, f/p - water moccasin zombie
Aim: a water moccasin zombie (moderately damaged, 66% to hit)
You shoot an arrow.
The arrow hits the bog mummy but does no damage.
The bog mummy is almost destroyed.
The bog mummy points at you and mumbles some strange words.
The puff of frost hits you!
* * * LOW HITPOINT WARNING * * *
Fire: a) +0 shortbow
Press: ? - help, Q - select action, (/) - cycle Shift-Dir - straight line, f/p - water moccasin zombie
Aim: a water moccasin zombie (moderately damaged, 66% to hit)
You shoot an arrow. The arrow hits the bog mummy!
You destroy the bog mummy!
The bullfrog zombie closely misses you.
Fire: a) +0 shortbow
Press: ? - help, Q - select action, (/) - cycle Shift-Dir - straight line, f - bullfrog zombie
Aim: a bullfrog zombie (lightly damaged, 76% to hit)
You shoot an arrow. The arrow hits the bullfrog zombie.
The bullfrog zombie is lightly damaged.
The bullfrog zombie hits you.
You die...

## ≈~##
.#≈##
.~~≈##
~.P#≈#
#####.~~≈≈#
#..@#~..#
#.∩.ZZ~~#
#∩..#.~.#
#####.##~#
.+ # .# .+
.# .+


You could see a water moccasin zombie and a bullfrog zombie.

Vanquished Creatures
  An orc priest (D:4)
  An iguana (D:4)
  Terence (D:3)
  Jessica (D:3)
  2 orc wizards (D:4)
  4 mummies
  Robin (D:3)
  2 gnolls (D:3)
  4 adders (D:2)
  A worm (D:2)
  3 dart slugs
  3 orcs
  4 ball pythons
  8 bats
  5 endoplasms
  3 giant cockroaches
  14 goblins
  5 hobgoblins
  A jackal (D:2)
  6 kobolds
  5 quokkas
  4 frilled lizards
  5 rats
84 creatures vanquished.

Vanquished Creatures (collateral kills)
  A gnoll (D:3)
1 creature vanquished.

Vanquished Creatures (others)
  4 withered plants (Ossuary)
4 creatures vanquished.

Grand Total: 89 creatures vanquished

Notes
Turn   | Place    | Note
-------+----------+-------------------------------------------
     0 | D:1      | Mitcholas the Deep Elf Hunter began the quest for the Orb.
     0 | D:1      | Reached XP level 1. HP: 12/12 MP: 3/3
   171 | D:1      | Reached XP level 2. HP: 17/17 MP: 4/4
   184 | D:1      | You fall into a shaft and drop 1 floor!
   300 | D:1      | Found a faded altar of an unknown god.
   819 | D:2      | Reached XP level 3. HP: 21/21 MP: 5/5
   931 | D:2      | Reached skill level 6 in Ranged Weapons
  1096 | D:2      | Reached XP level 4. HP: 25/26 MP: 6/6
  1173 | D:2      | Found a shimmering altar of Xom.
  1416 | D:3      | Found a glowing golden altar of the Shining One.
  1472 | D:3      | Noticed Terence
  1596 | D:3      | Noticed Jessica
  1600 | D:3      | Killed Jessica
  1731 | D:3      | Killed Terence
  1732 | D:3      | Reached XP level 5. HP: 4/31 MP: 7/7
  1896 | D:3      | Found a runed translucent door.
  1896 | D:3      | Noticed Loveship's ghost (amateur HOFi)
  1926 | D:3      | Found a runed translucent door.
  1927 | D:3      | Noticed Crazy Yiuf
  2007 | D:3      | Noticed Robin
  2016 | D:3      | Killed Robin
  2174 | D:3      | Reached skill level 7 in Ranged Weapons
  2302 | D:3      | Found a hide-covered altar of Uskayaw.
  2468 | D:4      | Noticed Duvessa
  2519 | D:4      | Reached XP level 6. HP: 32/36 MP: 8/8
  2652 | D:4      | Found a sand-covered staircase.
  2696 | Ossuary  | Entered an ossuary
  2759 | Ossuary  | Slain by a bullfrog zombie

Illustrated notes

Levels and vault maps discovered:
D:1:      evilmike_arrival_hilbert_curve, layout_basic,
          nicolae_ecumenical_lake_church, nicolae_figureground_pulse
D:2:      minmay_wonky_spiral, layout_basic, basic_altar, minmay_close_crescents
D:3:      layout_rooms, tso_metal_star, lemuel_round_altar,
          hellmonk_ghost_happy_afterlife, st_stairs_1, dk_noncrumbling_4,
          uniq_terence, uniq_jessica, uniq_crazy_yiuf_cottage, uniq_robin
D:4:      layout_rooms, mainiacjoe_overflow_alcove_2,
          lemuel_coloured_pillars_altar, mainiacjoe_overflow_six_doors_small,
          gup_ossuary_entry_pyramid, uniq_duvessa
Ossuary:  ossuary_zaba_flooded

Skill      XL: |  1  2  3  4  5  6 |
---------------+-------------------+-----
Stealth        | 2 3 4 |  4.0
Fighting       | 2 |  2.9
Dodging        | 3 4 |  4.4
Ranged Weapons | 6 7 |  7.8

Action                   |  1- 3 |  4- 6 || total
-------------------------+-------+-------++-------
 Fire: Shortbow          |   105 |   165 ||   270
Throw: Dart              |       |     4 ||     4
Evoke: Wand              |       |     5 ||     5
Armor: Leather armour    |    13 |    42 ||    55
Dodge: Dodged            |    30 |    67 ||    97

Table legend: (Time is in decaauts)
 A = Elapsed time spent in this place.
 B = Non-inter-level travel time spent in this place.
 C = Inter-level travel time spent in this place.
 D = Time resting spent in this place.
 E = Time spent auto-exploring this place.
 F = Levels seen in this place.
 G = Mean time per level.
                   A        B        C        D        E       F      G
               +--------+--------+--------+--------+--------+-----+--------+
         Total |   2819 |   2671 |    148 |    400 |   1630 |   5 |  563.8 |
       Dungeon |   2752 |   2604 |    148 |    363 |   1630 |   4 |  688.0 |
       Ossuary |     67 |     67 |      0 |     37 |      0 |   1 |   67.0 |
               +--------+--------+--------+--------+--------+-----+--------+

Top non-repeatable levels by time:
     D:3: 977 daAuts
     D:1: 739 daAuts
     D:2: 731 daAuts
     D:4: 305 daAuts
 Ossuary: 67 daAuts
